 Dungeon Crawl Stone Soup version 0.15-a0-2388-g9f833ab (webtiles) character file.

3721 PolkaDot the Slicer (level 9, -15/65 HPs)
             Began as a Vampire Gladiator on Aug 2, 2014.
             Was a Follower of Okawaru.
             Demolished by an orc warrior
             ... wielding a +1 long sword of holy wrath
              (18 damage)
             ... on Level 8 of the Dungeon.
             The game lasted 00:28:08 (7927 turns).

PolkaDot the Slicer (Vampire Gladiator)             Turns: 7927, Time: 00:28:09

HP -15/65        AC 11     Str 14      XL: 9   Next: 92%
MP  18/18        EV 16     Int 12      God: Okawaru [*.....]
Gold 733         SH  0     Dex 16 (17) Spells:  0 memorised,  8 levels left

rFire  . . .     SeeInvis +     a - +1 cutlass
rCold  + . .     Clarity  .     h - +2 leather armour of Cheibriados' Approval {Dex+1 Int+1}
rNeg   . . .     rCorr    .     (no shield)
rPois  .         rRot     .     c - +0 helmet
rElec  .         Spirit   .     (no cloak)
SustAb .         Warding  .     p - +0 pair of gloves
rMut   .         Stasis   .     n - +2 pair of boots
Gourm  .                        (no amulet)
MR     .....                    i - ring of wizardry
                                g - ring of wizardry

@: heroism, regenerating very quickly, not resistant to hostile enchantments,
quite stealthy
A: bottle blood, fangs 3, see invisible, cold resistance 1, unbreathing
a: Bottle Blood, Heroism, Renounce Religion


You were on level 8 of the Dungeon.
You worshipped Okawaru.
Okawaru was aware of your devotion.
You were almost alive.

You visited 2 branches of the dungeon, and saw 9 of its levels.

You collected 733 gold pieces.

Inventory:

Hand weapons
 a - a +1 cutlass (weapon)
 y - a +3 scimitar
Missiles
 d - a throwing net (quivered)
 j - 27 poisoned needles
Armour
 c - a +0 helmet (worn)
 h - the +2 leather armour of Cheibriados' Approval (worn) {Dex+1 Int+1}
   (You found it on level 6 of the Dungeon)

   It affects your intelligence (+1).
   It affects your dexterity (+1).
 n - a +2 pair of boots (worn)
 p - a +0 pair of gloves (worn)
Magical devices
 b - a wand of frost (13)
 t - a wand of paralysis (1)
 A - a wand of cold (8) {unknown}
Scrolls
 e - 4 scrolls of fog
 k - 3 scrolls of identify
 l - a scroll of amnesia
 r - a scroll of enchant weapon
 s - a scroll of enchant armour
 u - 4 scrolls of remove curse
 z - a scroll of recharging
 B - a scroll of immolation {unknown}
Jewellery
 f - an uncursed ring of teleportation
 g - a ring of wizardry (left hand)
 i - a ring of wizardry (right hand)
Potions
 o - 2 potions of cancellation
 q - 12 potions of blood {@w2}
 x - a potion of flight
Books
 w - a book of Enchantments

   Spells                             Type                      Level
   Tukima's Dance                     Hexes                        3
   Cause Fear                         Hexes                        4
   Silence                            Hexes/Air                    5
   Deflect Missiles                   Charms/Air                   6
   Haste                              Charms                       6
   Discord                            Hexes                        8


   Skills:
 + Level 4.2(9.2) Fighting
 - Level 11.6(16.8) Short Blades
 * Level 4.3(11.5) Long Blades
 - Level 1.5(6.5) Throwing
 - Level 3.2(8.2) Dodging
 - Level 4.7(9.7) Stealth
 + Level 2.3 Invocations
 - Level 6.0 Evocations


You had 8 spell levels left.
You didn't know any spells.

Dungeon Overview and Level Annotations

Branches:
Dungeon (8/15)             Temple (1/1) D:7
   Lair: D:8-11

Altars:
Ashenzari
Cheibriados
Dithmenos
Elyvilon
Fedhas
Gozag
Kikubaaqudgha
Makhleb
Nemelex Xobeh
Okawaru
Qazlal
Sif Muna
Trog
Vehumet
Xom
Yredelemnul
Zin
The Shining One


Innate Abilities, Weirdness & Mutations

Your natural rate of healing is extremely fast.
You can bottle blood from corpses.
You have razor-sharp teeth.
You have supernaturally acute eyesight.
You can survive without breathing.
Your flesh is cold resistant.


Message History

The orc warrior hits you with a long sword of holy wrath.
You convulse.
* * * LOW HITPOINT WARNING * * *
Drink which item? (? for menu, Esc to quit)
You feel better.
The orc warrior hits you with a long sword of holy wrath.
You convulse.
* * * LOW HITPOINT WARNING * * *
You hit the orc warrior but do no damage.
Your bite misses the orc warrior.
The orc warrior is heavily wounded.
You hit the orc warrior but do no damage.
You bite the orc warrior, but do no damage.
The orc warrior is heavily wounded.
You completely miss the orc warrior.
The orc warrior is heavily wounded.
The orc warrior hits you with a long sword of holy wrath!
* * * LOW HITPOINT WARNING * * *
You convulse!!
You die...

#.# #... #.# #... #.# #...
#+# #.# #.). #...# ##.###
#... .....# #<#..# #...
......# ##.#.## #...
........####.....#########..
..o....oooo@................
.o......####...#.######.....
......# ##.##.# #.###.
.....# ####.# #.# #. #...#
#.# #.###. #+# #.# #.##..
#.# #.##.# #.# #.##.# #.#
#.....


You could see an orc warrior, an orc wizard and 2 orcs.

Vanquished Creatures
  Joseph (D:8)
  Eustachio (D:8)
  A hungry ghost (D:8)
  A hippogriff (D:7)
  Edmund (D:8)
  2 ice beasts
  3 sky beasts
  A black bear (D:5)
  2 centaurs
  5 ogres
  A crocodile (D:8)
  3 giant frogs
  3 scorpions
  8 wights (D:7)
  A goliath beetle (D:8)
  A yak skeleton (D:4)
  2 jellies
  3 hounds
  A crimson imp (D:5)
  2 iguanas
  An orc priest (D:4)
  2 orc wizards
  9 worker ants
  Ijyb (D:2)
  An ogre skeleton (D:5)
  A sky beast zombie (D:5)
  3 gnolls (D:8)
  6 adders
  2 shadow imps
  A giant mite (D:6)
  4 worms
  An orc zombie (D:5)
  An ooze (D:4)
  4 giant geckos
  20 orcs
  A ball python (D:3)
  9 bats
  9 giant cockroaches
  29 goblins
  18 hobgoblins
  12 jackals
  2 quokkas (D:8)
  3 giant newts
  A giant spore (D:7)
  12 kobolds
  12 rats
  2 rat skeletons
  A ballistomycete (D:7)
  3 butterflies (D:7)
  A plant (D:6)
215 creatures vanquished.

Vanquished Creatures (others)
  An orc wizard (D:7)
  An orc (D:7)
  A goblin (D:2)
  A giant spore (D:7)
  A ballistomycete (D:7)
5 creatures vanquished.

Grand Total: 220 creatures vanquished

Notes
Turn   | Place    | Note
--------------------------------------------------------------
     0 | D:1      | PolkaDot, the Vampire Gladiator, began the quest for the Orb.
     0 | D:1      | Reached XP level 1. HP: 16/16 MP: 1/1
    96 | D:1      | Reached XP level 2. HP: 22/22 MP: 2/2
   101 | D:1      | Reached skill level 4 in Short Blades
   658 | D:2      | Reached XP level 3. HP: 11/27 MP: 3/3
   864 | D:2      | Reached skill level 5 in Short Blades
  1368 | D:2      | Noticed Ijyb
  1387 | D:2      | Killed Ijyb
  1387 | D:2      | Reached XP level 4. HP: 24/33 MP: 4/4
  2001 | D:2      | Reached skill level 6 in Short Blades
  2586 | D:3      | Found an ancient bone altar of Kikubaaqudgha.
  2693 | D:4      | Reached XP level 5. HP: 21/38 MP: 5/5
  2706 | D:4      | Reached skill level 1 in Evocations
  2853 | D:4      | Reached skill level 7 in Short Blades
  2853 | D:4      | Reached XP level 6. HP: 24/44 MP: 7/7
  3250 | D:4      | Noticed an ogre
  3261 | D:4      | Killed an ogre
  3278 | D:4      | Gained mutation: Your flesh is cold resistant. [potion of beneficial mutation]
  3461 | D:5      | Entered Level 5 of the Dungeon
  3535 | D:5      | Found a snail-covered altar of Cheibriados.
  3537 | D:5      | Found a bloodstained altar of Trog.
  3540 | D:5      | Found a basalt altar of Yredelemnul.
  3604 | D:5      | Reached skill level 8 in Short Blades
  3698 | D:5      | Reached XP level 7. HP: 38/49 MP: 10/10
  4063 | D:5      | Reached skill level 9 in Short Blades
  4063 | D:5      | HP: 1/49 [ice beast (4)]
  4090 | D:5      | Reached XP level 8. HP: 11/55 MP: 13/13
  4229 | D:5      | Reached skill level 1 in Stealth
  4804 | D:6      | Reached skill level 10 in Short Blades
  4966 | D:6      | Got a brightly glowing leather armour
  4967 | D:6      | Identified the +2 leather armour of Cheibriados' Approval {Dex+1 Int+1} (You found it on level 6 of the Dungeon)
  5339 | D:6      | Reached skill level 5 in Evocations
  6134 | D:7      | Found a deep blue altar of Sif Muna.
  6172 | D:7      | Reached skill level 11 in Short Blades
  6326 | D:7      | Reached XP level 9. HP: 41/61 MP: 16/16
  6467 | D:7      | Found a staircase to the Ecumenical Temple.
  6475 | Temple   | Entered the Ecumenical Temple
  6748 | Temple   | Became a worshipper of Warmaster Okawaru
  6990 | D:7      | Reached skill level 1 in Long Blades
  7293 | D:8      | Found a blossoming altar of Fedhas.
  7413 | D:8      | Noticed Edmund
  7438 | D:8      | Killed Edmund
  7504 | D:8      | Reached skill level 1 in Invocations
  7733 | D:8      | Noticed Eustachio
  7773 | D:8      | Killed Eustachio
  7853 | D:8      | Noticed Joseph
  7905 | D:8      | Killed Joseph
  7905 | D:8      | Acquired Okawaru's first power
  7927 | D:8      | HP: 3/65 [orc warrior/long sword of holy wrath (15)]
  7927 | D:8      | Demolished by an orc warrior

Action                   |  1- 3 |  4- 6 |  7- 9 || total
-------------------------+-------+-------+-------++-------
Melee: Cutlass           |   152 |   305 |   701 ||  1158
Throw: Throwing net      |     2 |     4 |     3 ||     9
Invok: Heroism           |       |       |     1 ||     1
 Abil: Bottle Blood      |       |     6 |    25 ||    31
Evoke: Wand              |       |       |    13 ||    13
  Use: Potion            |     1 |     9 |    33 ||    43
       Scroll            |     4 |    10 |     6 ||    20
 Stab: Held in net/web   |     2 |     4 |     2 ||     8
       Invisible         |       |     1 |     1 ||     2
       Sleeping          |       |       |     6 ||     6
       Paralysed         |       |       |    10 ||    10
  Eat: Corpse            |    13 |    10 |       ||    23
